[Event "*** SCC Grand Prix: Titled Tuesday Blitz"]
[Site "Chess.com"]
[Date "2020.06.02"]
[Round "10"]
[White "EfrenRamos1"]
[Black "jorquerino"]
[Result "0-1"]
[WhiteElo "2193"]
[BlackElo "2342"]
[TimeControl "180+1"]
[EndTime "11:58:45 PDT"]
[Termination "jorquerino won on time"]

1. d4 d5 2. c4 Bf5 3. cxd5 Bxb1 4. Rxb1 Qxd5 5. Nf3 Nc6 6. b3 O-O-O 7. e3 e5 8.
Bc4 Qe4 9. Bb2 Bb4+ 10. Kf1 f6 11. a3 Bd6 12. Bd3 Qg4 13. Qc2 Kb8 14. h3 Qh5 15. d5 Nce7 16. e4 g5 17. g4 Qf7 18. Kg2 Ng6 19.
Bc1 h5 20. Be3 Qd7 21. gxh5 Rxh5 22. a4 g4 23. Nd2 Nf4+ 24. Bxf4 exf4 25. Rbg1 f3+ 26.
Kf1 Qh7 27. e5 Qh6 28. exd6 cxd6 29. Bf5 Rxh3 30. Rxh3 Qxh3+ 31. Ke1 Nh6 32. Be6 f5 33. Qd3 Qh2 34. Rf1 Qf4 35. Qe3 Qh2 36. Nc4 Rh8 37. Kd2 g3 38. Qxf3 g2 0-1

[Event "*** SCC Grand Prix: Titled Tuesday Blitz"]
[Site "Chess.com"]
[Date "2020.06.02"]
[Round "10"]
[White "profofchess"]
[Black "ChronicUnhappiness"]
[Result "1-0"]
[WhiteElo "2448"]
[BlackElo "2311"]
[TimeControl "180+1"]
[EndTime "11:58:46 PDT"]
[Termination "profofchess won on time"]

1. e4 d6 2. d4 Nf6 3. Nc3 g6 4.
Bg5 Bg7 5. Qd2 h6 6. Bh4 c6 7. f4 Qc7 8. e5 Nd5 9. Ne4 Bf5 10. Bd3 Bxe4 11. Bxe4 e6 12. Nf3 Ne7 13. O-O-O d5 14. Bd3 Nf5 15. Bf2 h5 16. g3 Nd7 17. h3 O-O-O 18.
g4 Ne7 19. Ng5 Rdf8 20. Kb1 Bh6 21. gxh5 Bxg5 22. fxg5 Rxh5 23. h4 Nf5 24. Be2 Rh7 25. h5 Rfh8 26. h6 c5 27. c3 c4 28. Kc2 b5 29. Rb1 Nb6 30. Kd1 Qe7 31. Ke1 Kb7 32. Kf1 a5 33. b3 Ka6 34. bxc4 Nxc4 35.
Bxc4 dxc4 36. a4 Rb8 37. d5 Qd7 38. d6 Qc6 39. Rh2 Rhh8 40. h7 Rb7 41. axb5+ Rxb5 42.
Ra1 Rb3 43. Qc2 Qb7 44. Qa2 Qb5 45. Bd4 1-0

[Event "*** SCC Grand Prix: Titled Tuesday Blitz"]
[Site "Chess.com"]
[Date "2020.06.02"]
[Round "10"]
[White "MathiasWomacka"]
[Black "Bhagya_2312"]
[Result "1-0"]
[WhiteElo "2386"]
[BlackElo "2167"]
[TimeControl "180+1"]
[EndTime "11:58:46 PDT"]
[Termination "MathiasWomacka won by resignation"]

1. e4 c6 2. d4 d5 3. Nd2 dxe4 4. Nxe4 Nd7 5. Nf3 Ngf6 6. Ng3 e6 7. Bd3 c5 8. c3 cxd4 9. Nxd4 Bc5 10. Bc2 O-O 11.
O-O a6 12. Ne4 Nxe4 13. Bxe4 Qh4 14. Bf3 Ne5 15. Be2 Bxd4 16. cxd4 Nc6 17. Be3 Rd8 18.
Qc2 Nb4 19. Qb3 Nd5 20. Bf3 b5 21. a4 Bd7 22. Bxd5 exd5 23. Qxd5 bxa4 24. Rac1 Bb5 25. Qg5 Qxg5 26. Bxg5 f6 27. Be3 Bxf1 28. Kxf1 Rac8 29. Ra1 Rc4 30. Ke2 Rb8 31. Kd3 Rcb4 32. Bd2 Rb3+ 33. Bc3 a3 34. bxa3 Rc8 35. Rc1 Rxa3 36. d5 Kf8 37. Kd4 Raxc3 38. Rxc3 Rxc3 39. Kxc3 Ke7 40. Kb4 Kd6 41. Ka5 Kxd5 42. Kxa6 f5 43. Kb6 g5 44. Kc7 f4 45. Kd7 g4 46. Ke7 f3 47. gxf3 gxf3 48. Kf6 Ke4 49. Kg5 h5 50. Kxh5 Kd3 51. Kg4 Ke2 52.
Kg3 1-0

[Event "*** SCC Grand Prix: Titled Tuesday Blitz"]
[Site "Chess.com"]
[Date "2020.06.02"]
[Round "10"]
[White "Mimsychess"]
[Black "WinstonSilvakov"]
[Result "1-0"]
[WhiteElo "2252"]
[BlackElo "2078"]
[TimeControl "180+1"]
[EndTime "11:58:46 PDT"]
[Termination "Mimsychess won by resignation"]

1. c4 Nf6 2. Nc3 e6 3. e4 d6 4.
d4 c5 5. dxc5 Qa5 6. cxd6 Nxe4 7. Bd2 Nxc3 8. Bxc3 Qb6 9. Nf3 f6 10. Bd3 Bxd6 11. O-O O-O 12. b4 Qc7 13. c5 Bf4 14. Qe2 Nc6 15. g3 Bh6 16. Qe4 g6 17. Bc4 Nd8 18.
Rad1 Kh8 19. Rd6 Bg7 20. Rfd1 Nf7 21. R6d2 Rb8 22. Bxe6 Bxe6 23. Qxe6 Rbe8 24. Qd7 Qb8 25.
Nh4 Rd8 26. Qh3 Kg8 27. Rd7 Rxd7 28. Rxd7 Qc8 29. Qe6 Qc6 30. Qxc6 bxc6 31. Rxa7 Nd8 32. Kg2 Ne6 33. Nf3 Rd8 34. Re7 Nf8 35. Nd4 f5 36. Rxg7+ Kxg7 37. Ne6+ Kg8 38. Nxd8 Nd7 39. Nxc6 Nf8 40.
a4 Ne6 41. a5 Kf7 42. a6 Nc7 43. a7 Ke6 44. b5 Kd5 45. b6 Kxc6 46. bxc7 1-0

[Event "*** SCC Grand Prix: Titled Tuesday Blitz"]
[Site "Chess.com"]
[Date "2020.06.02"]
[Round "10"]
[White "ChessQueen"]
[Black "swimmerchess"]
[Result "1/2-1/2"]
[WhiteElo "2676"]
[BlackElo "2822"]
[TimeControl "180+1"]
[EndTime "11:58:47 PDT"]
[Termination "Game drawn by repetition"]

1. e4 e5 2. Nf3 Nc6 3. Bb5 a6 4. Ba4 Nf6 5. d4 exd4 6. O-O Be7 7. e5 Ne4 8. Nxd4 Nc5 9. Nf5 O-O 10. Qg4 Ne6 11.
Bxc6 dxc6 12. Rd1 Qe8 13. Bh6 g6 14. Nxe7+ Qxe7 15. Bxf8 Nxf8 16. Qg3 Bf5 17. Nc3 Re8 18. Re1 Bxc2 19. Rac1 Bf5 20. Rcd1 Nd7 21. f4 h5 22. h3 h4 23. Qf2 Nc5 24. Re2 a5 25. Red2 Kg7 26.
Qd4 Ne6 27. Qe3 Qb4 28. Ne2 c5 29. b3 a4 30. Kh2 b6 31. g4 hxg3+ 32. Nxg3 Qxf4 33.
Qxf4 Nxf4 34. Nxf5+ gxf5 35. Rf1 Ng6 36. Rxf5 axb3 37.
axb3 Rxe5 38. Rxe5 Nxe5 39. Kg3 Kf6 40. h4 c4 41. bxc4 Nxc4 42. Rd7 c5 43. Kf4 Kg6 44. Rd8 f6 45. Rg8+ Kf7 46. Rb8 Kg6 47. Rg8+ Kh5 48. Rh8+ Kg6 49. h5+ Kg7 50. Rb8 Kh6 51.
Kg4 Ne3+ 52. Kf4 Nc4 53. Kf5 Ne3+ 54. Kf4 Nc4 1/2-1/2

[Event "*** SCC Grand Prix: Titled Tuesday Blitz"]
[Site "Chess.com"]
[Date "2020.06.02"]
[Round "10"]
[White "stoleriu"]
[Black "WIDBIFS"]
[Result "0-1"]
[WhiteElo "2545"]
[BlackElo "2712"]
[TimeControl "180+1"]
[EndTime "11:58:47 PDT"]
[Termination "WIDBIFS won by resignation"]

1. e4 g6 2. d4 Bg7 3. Nc3 c6 4. Be3 d5 5. e5 f6 6. f4 Nh6 7. Nf3 Bg4 8. h3 Bxf3 9. Qxf3 O-O 10. exf6 exf6 11. Bd3 f5 12. O-O Nd7 13. g4 Qb6 14. Ne2 Rae8 15. Bf2 Kh8 16. b3 a5 17. Rae1 Qb4 18.
c3 Qa3 19. Bb1 Qd6 20. Ng3 Rxe1 21. Bxe1 Qe6 22. g5 Nf7 23. Bd2 Nd6 24. Re1 Ne4 25. Kg2 b5 26. Nxe4 dxe4 27. Qe2 Nb6 28. Rc1 Qd6 29.
Be3 Nd5 30. Kg3 b4 31. c4 Nxe3 32. Qxe3 Bxd4 33. Rd1 c5 34. Qe2 Rd8 35. h4 Kg8 36. Bc2 Kg7 37. h5 Qe7 38. hxg6 hxg6 39. Rh1 Bc3 40.
Qh2 Kf7 41. Qh7+ Bg7 42. Rh6 Qe6 43. Rh2 e3 44. Qh3 e2 45. Kf2 e1=Q+ 0-1

[Event "*** SCC Grand Prix: Titled Tuesday Blitz"]
[Site "Chess.com"]
[Date "2020.06.02"]
[Round "10"]
[White "AliKa2810"]
[Black "kot60"]
[Result "1/2-1/2"]
[WhiteElo "2575"]
[BlackElo "2447"]
[TimeControl "180+1"]
[EndTime "11:58:47 PDT"]
[Termination "Game drawn - insufficient material"]

1. d4 Nf6 2. c4 e5 3. dxe5 Ng4 4.
Bf4 Bc5 5. e3 d6 6. Nf3 Nc6 7.
exd6 Qf6 8. Nc3 Nxf2 9. Kxf2 Qxf4 10. Qe2 Qxd6 11. Ne4 Qe7 12. Nxc5 Qxc5 13. g3 O-O 14.
Bg2 Bg4 15. Rad1 Rfe8 16. Rd5 Qe7 17. Rhd1 Rad8 18. h3 Be6 19. Rxd8 Rxd8 20. Nd4 Qf6+ 21. Qf3 Qxf3+ 22. Bxf3 Nxd4 23. exd4 Bxc4 24. Bxb7 Bxa2 25. Ra1 Be6 26. Rxa7 Bxh3 27. Bf3 h5 28. Rxc7 Rxd4 29. Bxh5 Rd2+ 30. Ke3 Rxb2 31. Bxf7+ Kf8 32. Bd5 g6 33. Kf4 Bf5 34. Kg5 Ke8 35. Kf6 Kd8 36. Ra7 Rb6+ 37. Kg7 Rd6 38. Bc4 Rd4 39. Bb5 Rg4 40. Ra3 Ke7 41. Re3+ Kd6 42. Be8 Re4 43. Rxe4 Bxe4 44. Bxg6 Bf3 45. Kf6 Kd5 46. Kg5 Ke5 47. Bh5 Be4 48.
Bg4 Bd3 49. Bf3 Bf5 50. g4 Bxg4 1/2-1/2

[Event "*** SCC Grand Prix: Titled Tuesday Blitz"]
[Site "Chess.com"]
[Date "2020.06.02"]
[Round "10"]
[White "imdarealist"]
[Black "baki83"]
[Result "0-1"]
[WhiteElo "2279"]
[BlackElo "2793"]
[TimeControl "180+1"]
[EndTime "11:58:47 PDT"]
[Termination "baki83 won by resignation"]

1. d4 Nf6 2. Bf4 c5 3. e3 e6 4. Nd2 d5 5. c3 Bd6 6. Bg3 O-O 7. Ngf3 Qc7 8. Bd3 Nbd7 9. Rc1 e5 10. dxe5 Nxe5 11.
Nxe5 Bxe5 12. Bxe5 Qxe5 13. Nf3 Qe7 14. O-O b6 15.
Re1 Bb7 16. Qc2 Rfe8 17. Rcd1 g6 18. h3 Kg7 19. Bb5 Red8 20. Bf1 Rd6 21. Be2 Rad8 22.
Bf1 h5 23. Be2 Ba8 24. Bf1 Qb7 25. Kh2 Re6 26. Kg1 Rde8 27. Ng5 Re5 28. Nf3 Re4 29. Ng5 R4e7 30. Nf3 Qc6 31. Qb1 a5 32. Qc2 a4 33.
b3 axb3 34. axb3 Bb7 35. Ra1 Ne4 36. Nd2 Nf6 37. Nf3 Bc8 38. Red1 Ne4 39. Qd3 Qf6 40. Rac1 Bf5 41. Qxd5 Nxc3 42. Rxc3 Qxc3 43. Bc4 Be4 44. Qd6 Bxf3 45. gxf3 Qf6 46. Qg3 Qe5 47. Qxe5+ Rxe5 48. Rd6 Rb8 49. Rd7 Rf5 50. Kg2 b5 51. Be6 Rf6 52. Bd5 Kf8 53. e4 c4 54. bxc4 b4 55.
c5 Ke8 56. c6 b3 57. Rb7 Rxb7 58. cxb7 Rb6 59. e5 b2 60. Bc6+ Ke7 61. Be4 Rxb7 62.
Bb1 Rc7 63. f4 Rc1 64. Ba2 b1=Q 65. Bxb1 Rxb1 66. Kf3 Re1 0-1

[Event "*** SCC Grand Prix: Titled Tuesday Blitz"]
[Site "Chess.com"]
[Date "2020.06.02"]
[Round "10"]
[White "Orest_Vovk"]
[Black "GregShahade"]
[Result "1-0"]
[WhiteElo "2403"]
[BlackElo "2554"]
[TimeControl "180+1"]
[EndTime "11:58:47 PDT"]
[Termination "Orest_Vovk won on time"]

1. h4 e5 2. h5 h6 3. Nc3 d5 4. e4 d4 5. Nce2 Nf6 6. Ng3 Be6 7. Nf3 Bd6 8. Bb5+ c6 9. Ba4 Nbd7 10. Bb3 Bxb3 11.
axb3 Qc7 12. d3 a6 13. Nf5 Rg8 14. Bd2 Bc5 15. Ba5 Bb6 16. Bxb6 Nxb6 17. Qd2 O-O-O 18. Qa5 Rde8 19. Qc5 Re6 20. Nd2 Kb8 21. Nc4 Nxc4 22. bxc4 Ne8 23. Rh3 Nd6 24. Rf3 Nxf5 25. Rxf5 f6 26. Qb4 Kc8 27. c5 Kd7 28. Qc4 Ke7 29.
Ke2 Qd7 30. Rh1 Rd8 31. Rh3 Kf8 32. Rg3 Rde8 33. Rg6 R8e7 34. g4 Rf7 35. g5 hxg5 36. Rfxg5 Ke8 37. Rf5 Ke7 38. h6 gxh6 39. Rxh6 Qe8 40.
Qb3 Kd8 41. Qb6+ Kd7 42. Rfh5 Kc8 43. Rh8 Rf8 44. R8h7 Re7 45. Qa7 Rxh7 46. Rxh7 1-0

[Event "*** SCC Grand Prix: Titled Tuesday Blitz"]
[Site "Chess.com"]
[Date "2020.06.02"]
[Round "10"]
[White "Ali_rastbod"]
[Black "Guenplen"]
[Result "0-1"]
[WhiteElo "2647"]
[BlackElo "2897"]
[TimeControl "180+1"]
[EndTime "11:58:48 PDT"]
[Termination "Guenplen won on time"]

1. c4 e6 2. Nf3 d5 3. g3 Nf6 4. Bg2 dxc4 5. Qa4+ Bd7 6. Qxc4 c5 7.
Ne5 Qc8 8. Nxd7 Qxd7 9. O-O Nc6 10. b3 Rc8 11. Bb2 Be7 12. d3 Nd4 13. Re1 O-O 14. Nd2 Rfd8 15. Rad1 h6 16. Qc1 Nc6 17. Qa1 Nd4 18. Rc1 b6 19. Nc4 Nc6 20. a3 Ne8 21.
Qb1 Bf6 22. Bxf6 Nxf6 23. b4 Nd4 24. bxc5 Rxc5 25. e3 Rb5 26. Qa2 Nb3 27. Rcd1 Nd5 28. Qc2 Na5 29. Ne5 Qd6 30. d4 Qxa3 31. e4 Nc3 32. Ra1 Qb2 33. Qxb2 Rxb2 34. d5 Nb5 35. dxe6 fxe6 36. Bh3 Nd4 37. Kg2 Rf8 38. Rf1 Nab3 39. Rxa7 Nd2 40. Ng6 Nxf1 41. Nxf8 Ne3+ 42. Kg1 Rb1+ 0-1

[Event "*** SCC Grand Prix: Titled Tuesday Blitz"]
[Site "Chess.com"]
[Date "2020.06.02"]
[Round "10"]
[White "Oligan22"]
[Black "iaraldinho"]
[Result "0-1"]
[WhiteElo "2428"]
[BlackElo "2620"]
[TimeControl "180+1"]
[EndTime "11:58:50 PDT"]
[Termination "iaraldinho won by checkmate"]

1. e4 c5 2. Nf3 a6 3. Nc3 e6 4. d4 cxd4 5. Nxd4 Qc7 6. Bd3 Nf6 7. Qe2 Nc6 8. Nxc6 bxc6 9. f4 d5 10. e5 Nd7 11. O-O Bb7 12. b3 c5 13. Nd1 Be7 14. c4 Nb6 15. Ne3 O-O 16. Bb2 d4 17. Ng4 Qc6 18. Rf3 Nd7 19. Rh3 g6 20. Rg3 f6 21.
exf6 Bxf6 22. Ne5 Nxe5 23. fxe5 Bg7 24. h3 Rf4 25. Bc1 Rf7 26. Bd2 Raf8 27. Re1 Qc7 28. h4 Rf2 29. Qxf2 Rxf2 30. Kxf2 Bxe5 31. Rh3 Bf4 32. Bxf4 Qxf4+ 33. Kg1 Qg4 34. Re2 Bxg2 35. Rxg2 Qxh3 36. Bf1 Qxh4 37. Re2 e5 38. Kg2 Qg5+ 39.
Kf2 d3 40. Re1 Qf4+ 41. Kg2 e4 42. Rd1 Qg4+ 43. Kf2 Qxd1 44. Ke3 Qe1+ 45. Kf4 d2 46. Ke5 d1=Q 47. Bh3 Qd4+ 48. Ke6 Qg3 49. b4 Qdd6# 0-1

[Event "*** SCC Grand Prix: Titled Tuesday Blitz"]
[Site "Chess.com"]
[Date "2020.06.02"]
[Round "10"]
[White "TokChess"]
[Black "MilanJeremic"]
[Result "1-0"]
[WhiteElo "2368"]
[BlackElo "2236"]
[TimeControl "180+1"]
[EndTime "11:58:50 PDT"]
[Termination "TokChess won by resignation"]

1. Nf3 d5 2. g3 Nf6 3. Bg2 c6 4.
O-O Bf5 5. d4 e6 6. Nbd2 Nbd7 7.
Re1 Be7 8. Nh4 Bg4 9. h3 Bh5 10. c3 O-O 11. Qb3 Qb6 12. g4 Bg6 13. Nxg6 hxg6 14.
e3 Qxb3 15. axb3 a6 16. b4 Rae8 17. Nb3 Bd8 18. Nc5 Nxc5 19. bxc5 e5 20. Bd2 Bc7 21.
Ra3 exd4 22. cxd4 Ne4 23. Bc1 Re7 24. Rb3 Ba5 25. Re2 Rfe8 26. f3 Nf6 27. Kf2 Rd8 28. Ra3 Bc7 29. Bd2 Rdd7 30. Rb3 Bd8 31. Re1 Nh7 32.
Bc3 f5 33. Bf1 Ng5 34. Kg2 Ne6 35. Bd3 fxg4 36. hxg4 Kf7 37. f4 Re8 38. g5 Rh8 39.
Be2 Re7 40. Bg4 Rh4 41. Kg3 Rh8 42. Bh3 Rh5 43. Rh1 Nxf4 44. exf4 Re3+ 45. Kg4 Re7 46. Bg2 Re2 47. Rxh5 Rxg2+ 48. Kf3 Rxb2 49. Rxb2 1-0

[Event "*** SCC Grand Prix: Titled Tuesday Blitz"]
[Site "Chess.com"]
[Date "2020.06.02"]
[Round "10"]
[White "tamarozi99"]
[Black "DonPreuss"]
[Result "1-0"]
[WhiteElo "2054"]
[BlackElo "2221"]
[TimeControl "180+1"]
[EndTime "11:58:50 PDT"]
[Termination "tamarozi99 won on time"]

1. e4 e5 2. Nf3 d5 3. d4 dxe4 4. Nxe5 Bd6 5. Nc3 Bxe5 6. dxe5 Qxd1+ 7. Kxd1 Nc6 8. Bb5 Bg4+ 9. Ke1 Ne7 10. Nxe4 O-O-O 11.
Bg5 Rd4 12. f3 Bf5 13. Rd1 Rxd1+ 14. Kxd1 Bxe4 15. fxe4 Ng6 16. Bxc6 bxc6 17. Rf1 Nxe5 18. Ke2 f6 19. Be3 a6 20. b3 Re8 21. Rd1 Nf7 22.
Kf3 Nd6 23. Rd4 Kb7 24. Rb4+ Kc8 25. Ra4 Kd7 26. Rxa6 Nxe4 27. Ra7 Nc3 28. a4 g5 29. a5 Nb5 30. Rb7 Ra8 31. c4 Kc8 32. a6 Nd6 33. Ra7 Rb8 34. Kg4 Rxb3 35. Bd4 f5+ 36. Kxg5 Nxc4 37. Ra8+ Rb8 38. Rxb8+ Kxb8 39. Kxf5 Nd6+ 40. Ke6 Nb5 41. Bc5 Nc3 42. Kf7 Ne4 43.
Kg7 Nxc5 44. Kxh7 1-0

[Event "*** SCC Grand Prix: Titled Tuesday Blitz"]
[Site "Chess.com"]
[Date "2020.06.02"]
[Round "10"]
[White "FairChess_on_YouTube"]
[Black "RaunakSadhwani2005"]
[Result "1-0"]
[WhiteElo "3011"]
[BlackElo "2887"]
[TimeControl "180+1"]
[EndTime "11:58:51 PDT"]
[Termination "FairChess_on_YouTube won on time"]

1. e4 c6 2. Nf3 d5 3. d3 Bg4 4. h3 Bh5 5. Qe2 Nd7 6. g4 Bg6 7. Nh4 e6 8. Nxg6 hxg6 9. Bg2 Ngf6 10. Nc3 Be7 11. Bd2 Qb6 12. O-O-O d4 13. Nb1 Qa6 14. a3 b5 15. g5 Nh5 16. e5 Rb8 17. Qe4 Rb6 18.
Qxd4 c5 19. Qe4 O-O 20. Bf3 b4 21. Qc4 Qxc4 22. dxc4 Nxe5 23. Be2 b3 24. Nc3 Rfb8 25.
Na4 bxc2 26. Kxc2 R6b7 27. Bc3 Nc6 28. Bf3 Rc8 29. h4 Nf4 30. Rhe1 Bf8 31. Re4 Nh5 32. Re2 Rbc7 33. Red2 Ne7 34. Be5 Nf5 35. Bxc7 Rxc7 36. Bxh5 gxh5 37. Rd8 Nxh4 38. Nc3 Ng6 39. Nb5 Rb7 40.
R1d7 Rxd7 41. Rxd7 h4 42. Nxa7 h3 43. Rd1 h2 44.
Nc8 Nh4 45. Rh1 Nf3 46. a4 f6 47. g6 1-0

[Event "*** SCC Grand Prix: Titled Tuesday Blitz"]
[Site "Chess.com"]
[Date "2020.06.02"]
[Round "10"]
[White "ftorodent"]
[Black "PlayChessSimple"]
[Result "1-0"]
[WhiteElo "2657"]
[BlackElo "2525"]
[TimeControl "180+1"]
[EndTime "11:58:51 PDT"]
[Termination "ftorodent won on time"]

1. d4 e6 2. c4 f5 3. g3 Nf6 4. Bg2 g6 5. Nc3 Bg7 6. e4 fxe4 7. Nxe4 Nxe4 8. Bxe4 d5 9. Bg2 O-O 10. Nf3 dxc4 11.
O-O Nc6 12. Be3 e5 13. d5 Ne7 14. Ng5 Nf5 15. Ne4 Nxe3 16. fxe3 Bf5 17. Qa4 Bxe4 18. Bxe4 Qg5 19. Rfe1 Rf7 20. Qxc4 Raf8 21. Re2 Qg4 22. d6 b5 23. Qd3 Rd7 24. Qxb5 Rxd6 25. Qc4+ Kh8 26. Rae1 Rdf6 27. Bd5 Qxc4 28. Bxc4 e4 29. Rd1 Rd6 30. Rxd6 cxd6 31. Bd5 Rb8 32. b3 Rb4 33. Rc2 Be5 34. Rc7 Rb5 35. Bxe4 a5 36. Ra7 Rc5 37. Bd3 Rc3 38. Bc4 Rxe3 39.
Rxa5 Kg7 40. Kf2 Bd4 41. Rd5 Rd3+ 42. Ke2 Re3+ 43. Kd2 Bb6 44. Rxd6 Bc5 45. Rd5 Bb6 46. a4 Re4 47. Kd3 Re3+ 48. Kd2 Re4 49. a5 Bg1 50. a6 1-0

[Event "*** SCC Grand Prix: Titled Tuesday Blitz"]
[Site "Chess.com"]
[Date "2020.06.02"]
[Round "10"]
[White "Dmitry_M1"]
[Black "LamaChampetre"]
[Result "1/2-1/2"]
[WhiteElo "2382"]
[BlackElo "2222"]
[TimeControl "180+1"]
[EndTime "11:58:51 PDT"]
[Termination "Game drawn by repetition"]

1. d4 Nf6 2. c4 g6 3. Nc3 d5 4. Nf3 Bg7 5. Bg5 Ne4 6. cxd5 Nxg5 7. Nxg5 e6 8. Nf3 exd5 9. e3 O-O 10. b4 b6 11. Qb3 Be6 12. b5 c5 13. Be2 c4 14.
Qb4 a5 15. bxa6 Nxa6 16. Qb2 Qe7 17. O-O Rfb8 18. a4 Nb4 19. Rfb1 Nc6 20. Nb5 Na5 21. Ne5 Bf5 22. Rd1 Bxe5 23. dxe5 Nb3 24. Ra2 Be6 25. Nd4 Qc5 26. Ra3 Nxd4 27. exd4 Qa5 28. Rda1 Qa7 29. h3 Qc7 30. Qb4 Ra5 31. f4 b5 32.
axb5 Raxb5 33. Qc3 Rb3 34. Rxb3 Rxb3 35. Qa5 Qb8 36. Kh2 Kg7 37. Qc5 Rb2 38. Bf3 Qb3 39. Qe7 Qxf3 40. Qf6+ Kh6 41. Qg5+ Kg7 42. Qf6+ Kh6 43.
Qg5+ Kg7 44. Qf6+ 1/2-1/2

[Event "*** SCC Grand Prix: Titled Tuesday Blitz"]
[Site "Chess.com"]
[Date "2020.06.02"]
[Round "10"]
[White "dianamirza"]
[Black "cukin84"]
[Result "1-0"]
[WhiteElo "2037"]
[BlackElo "2169"]
[TimeControl "180+1"]
[EndTime "11:58:51 PDT"]
[Termination "dianamirza won by checkmate"]

1. d4 f5 2. Nf3 Nf6 3. e3 d6 4. Bd3 g6 5. b3 Bg7 6. Bb2 O-O 7. Nbd2 Qe8 8. O-O Nc6 9. e4 fxe4 10. Nxe4 Nxe4 11.
Bxe4 d5 12. Bxd5+ e6 13. Bc4 Kh8 14. Rb1 Ne7 15. Ne5 c6 16. f4 a5 17. a4 Nf5 18. Qf3 Qe7 19. Qh3 Kg8 20. g4 Nd6 21. Bd3 b5 22. Nxc6 Qc7 23. axb5 Bb7 24. Ne5 Be4 25. Qe3 Bxd3 26. Qxd3 Qb7 27. c4 a4 28. Ba3 Rfd8 29. bxa4 Rxa4 30. Qb3 Raa8 31. Nc6 Rd7 32. c5 Nc8 33. Qxe6+ Kh8 34. Bb2 Na7 35. Ra1 Nxc6 36. Rxa8+ Qxa8 37. Qxd7 Nb4 38. c6 Nd3 39. c7 h5 40.
Qd8+ Qxd8 41. cxd8=Q+ Kh7 42. b6 Nxb2 43. b7 Nc4 44.
b8=Q Ne3 45. Qg8+ Kh6 46. Qxg7+ Kxg7 47. Qe5+ Kf7 48. Qxe3 hxg4 49. Rc1 Kg7 50. Qe5+ Kh6 51. Qg5+ Kg7 52. Rc7+ Kf8 53. Qd8# 1-0

[Event "*** SCC Grand Prix: Titled Tuesday Blitz"]
[Site "Chess.com"]
[Date "2020.06.02"]
[Round "10"]
[White "GjakanTati"]
[Black "Quaternitychess"]
[Result "1-0"]
[WhiteElo "2636"]
[BlackElo "2793"]
[TimeControl "180+1"]
[EndTime "11:58:52 PDT"]
[Termination "GjakanTati won on time"]

1. d4 d5 2. c4 e5 3. dxe5 d4 4. Nf3 Nc6 5. Bf4 Nge7 6. Nbd2 h6 7. h3 a5 8. e3 g5 9. Ne4 Bg7 10. Bh2 Nf5 11. g4 O-O 12. gxf5 Bxf5 13. Bd3 dxe3 14. Nf6+ Bxf6 15. Bxf5 Qe7 16. exf6 Qxf6 17. Qb1 Rfe8 18. O-O e2 19. Re1 Rad8 20. Bxc7 Rd1 21. Qc2 Rxa1 22.
Rxa1 Nd4 23. Qd3 Nxf3+ 24. Qxf3 Qxb2 25. Re1 Qd2 26. Rxe2 Rxe2 27. Bg3 Qxa2 28. Qxb7 Qa1+ 29. Kh2 Qf6 30. Qa8+ Kg7 31. Be4 a4 32. Bg2 h5 33.
Qxa4 h4 34. Bb8 Qxf2 35. Qc6 f6 36. Qd7+ Kh6 37. Qd5 Rd2 38. Qe4 Qb6 39. Qe8 Rxg2+ 40. Kxg2 Qb4 41. Qh8+ Kg6 42. Qg8+ Kh6 43. Qe6 1-0

[Event "*** SCC Grand Prix: Titled Tuesday Blitz"]
[Site "Chess.com"]
[Date "2020.06.02"]
[Round "10"]
[White "grandcoach"]
[Black "PauloFanha"]
[Result "0-1"]
[WhiteElo "2055"]
[BlackElo "1976"]
[TimeControl "180+1"]
[EndTime "11:58:53 PDT"]
[Termination "PauloFanha won on time"]

1. e4 d5 2. exd5 Qxd5 3. Nc3 Qd6 4. d4 Nf6 5. g3 c6 6. Bg2 Bf5 7. Bf4 Qd8 8. Nf3 h6 9. Qe2 e6 10. O-O-O Bb4 11. Qc4 Qa5 12. Nh4 Bh7 13. Rhe1 O-O 14.
Kb1 Bxc3 15. Qxc3 Qxc3 16. bxc3 Nbd7 17. Nf3 Nb6 18. Ne5 Nfd7 19. Nxd7 Nxd7 20. Kb2 Rac8 21. c4 b6 22. d5 cxd5 23. cxd5 Rxc2+ 24. Ka1 exd5 25. Bxd5 Nf6 26. Be3 Nxd5 27. Rxd5 Bf5 28. Rxf5 Rfc8 29. Kb1 R2c4 30. Rc1 Rb4+ 31. Ka1 Rd8 32.
Rf4 Rb5 33. Rd4 Re8 34. Rd7 Ra5 35. Rcc7 Re4 36. Rxf7 Rea4 37. Rxg7+ Kh8 38. Rh7+ Kg8 39. Rcg7+ Kf8 40. Rf7+ Kg8 41. Rfg7+ Kf8 42. Rc7 Rxa2+ 43. Kb1 Ra1+ 44. Kc2 R5a2+ 0-1

[Event "*** SCC Grand Prix: Titled Tuesday Blitz"]
[Site "Chess.com"]
[Date "2020.06.02"]
[Round "10"]
[White "Baron_von_Koenig"]
[Black "Playgood28"]
[Result "1-0"]
[WhiteElo "2435"]
[BlackElo "2290"]
[TimeControl "180+1"]
[EndTime "11:58:55 PDT"]
[Termination "Baron_von_Koenig won on time"]

1. Nc3 d6 2. f4 f5 3. e4 fxe4 4. d3 e3 5. Bxe3 Nf6 6. Ne4 Nc6 7. Nxf6+ exf6 8. d4 d5 9. Bd3 Qe7 10. Kf2 g6 11. f5 Bxf5 12. Bxf5 gxf5 13. Qh5+ Qf7 14. Qxf5 Qd7 15. Qxd7+ Kxd7 16. Ne2 Bd6 17. c3 Ne7 18.
Bf4 Nf5 19. g4 Nh4 20. Kg3 Ng6 21. Bxd6 Kxd6 22. Rhf1 Raf8 23. Rf5 Ne7 24. Rf3 h5 25. Raf1 hxg4 26. Rxf6+ Rxf6 27. Rxf6+ Kd7 28. Nf4 Rh7 29. Rf8 c6 30. b4 a6 31. a4 Rg7 32. a5 Rg5 33.
Rf7 Ke8 34. Rh7 Nf5+ 35. Kg2 Ne7 36. Nd3 Rf5 37. Ne5 Kf8 38. Kg3 Rf1 39. Nxg4 Rc1 40. Kf4 Rxc3 41. Ke5 Rf3 42. Nf6 Ng6+ 43. Ke6 Nf4+ 44.
Kd6 Ng6 45. Nd7+ Kg8 46. Rh6 Kg7 47. Rh5 1-0

[Event "*** SCC Grand Prix: Titled Tuesday Blitz"]
[Site "Chess.com"]
[Date "2020.06.02"]
[Round "10"]
[White "dolynachess"]
[Black "antoszu"]
[Result "1-0"]
[WhiteElo "2362"]
[BlackElo "2511"]
[TimeControl "180+1"]
[EndTime "11:58:58 PDT"]
[Termination "dolynachess won by resignation"]

1. d4 Nf6 2. c4 e6 3. g3 d5 4. Bg2 Be7 5. Nf3 O-O 6. O-O c6 7. Nc3 b6 8. Qd3 Bb7 9. Rd1 Nbd7 10. e4 Nxe4 11. Nxe4 dxe4 12. Qxe4 Nf6 13. Qe2 Qc8 14. Bf4 c5 15. d5 Re8 16. dxe6 Qxe6 17. Qxe6 fxe6 18. Ng5 Bxg2 19. Kxg2 Bf8 20. Re1 Re7 21. Rxe6 Rd7 22. Rae1 h6 23. Ne4 Nxe4 24. R1xe4 Kf7 25.
Rc6 Rad8 26. h4 Rd3 27. h5 R8d7 28. Rc8 Rd8 29. Rxd8 Rxd8 30. Kf3 Rd1 31. Re2 Rd3+ 32. Re3 Rd1 33. Ra3 Rd7 34. Bb8 a5 35. Rb3 Be7 36.
Rxb6 Bf6 37. Bf4 Rd3+ 38. Be3 a4 39. Rb5 a3 40. bxa3 Rxa3 41. Rxc5 Rxa2 42. Rc7+ Ke6 43.
c5 Rc2 44. Ke4 Rc4+ 45. Kd3 Rc3+ 46. Ke4 Rc4+ 47. Kf3 Be7 48. Rc6+ Kd5 49. Rg6 Bf6 50. Bxh6 Rxc5 51. Bxg7 Rc3+ 52. Kg2 1-0

[Event "*** SCC Grand Prix: Titled Tuesday Blitz"]
[Site "Chess.com"]
[Date "2020.06.02"]
[Round "10"]
[White "anon569"]
[Black "Slovak_fighter2000"]
[Result "1-0"]
[WhiteElo "2289"]
[BlackElo "2418"]
[TimeControl "180+1"]
[EndTime "11:58:58 PDT"]
[Termination "anon569 won by resignation"]

1. e4 Nc6 2. Nf3 f5 3. exf5 d5 4.
Nh4 Nh6 5. Qh5+ Nf7 6. Nc3 g6 7. Qg4 gxf5 8. Nxf5 Be6 9. Ng7+ Bxg7 10. Qxe6 Nd4 11.
Qg4 Bf6 12. Bd3 Ne5 13. Qh3 c6 14. Ne2 Nxd3+ 15. Qxd3 Nxe2 16. Qxe2 Qd7 17. Qh5+ Kd8 18. O-O e5 19. d3 Kc7 20. f4 e4 21. dxe4 dxe4 22. Be3 Rad8 23. Rad1 Qe6 24. Qa5+ Kc8 25.
Qxa7 Bxb2 26. Bb6 Rd6 27. Qa8+ Kd7 28. Qxb7+ Ke8 29. Bc5 Rxd1 30. Rxd1 Bf6 31. Qb8+ Kf7 32. Qc7+ Kg6 33. Rd6 Qf5 34. Qxc6 Kg7 35. Rd5 Qxf4 36. Qc7+ Kg6 37. Rd1 Qg4 38. Rf1 Qg5 39. Qd6 Re8 40. Bd4 Rf8 41. Rxf6+ Rxf6 42. Bxf6 Qxf6 43. Qxf6+ Kxf6 44. Kf2 Ke5 45. Ke3 Kd5 46. a4 1-0